 Dungeon Crawl Stone Soup version 0.26.1-10-gdfb7c7de75 (webtiles) character file.

Game seed: 5214503955943290990

366 nightchill the Ruffian (level 6, -2/50 HPs)
             Began as a Demonspawn Fighter on Apr 6, 2021.
             Killed from afar by Ijyb (26 damage)
             ... with a bolt of acid
             ... on level 4 of the Dungeon.
             The game lasted 00:04:58 (4311 turns).

nightchill the Ruffian (Demonspawn Fighter)         Turns: 4311, Time: 00:04:58

Health: -2/50      AC:  5    Str: 18    XL:     6   Next: 40%
Magic:  6/6        EV:  7    Int: 10    God:
Gold:   149        SH:  8    Dex: 12    Spells: 5/5 levels left

rFire    . . .     SeeInvis .     - Unarmed
rCold    + . .     Faith    .   b - +0 kite shield
rNeg     . . .     Spirit   .   a - +0 scale mail
rPois    .         Reflect  .   w - +1 hat
rElec    .         Harm     .   (no cloak)
rCorr    .         Rampage  .   (no gloves)
Will     +....                  (no boots)
Stlth    ..........             (no amulet)
HPRegen  0.16/turn              m - ring of protection from cold
MPRegen  0.10/turn              u - ring of willpower

@: corroded
A: icy blue scales 1
a: no special abilities


You were on level 4 of the Dungeon.
You visited 1 branch of the dungeon, and saw 4 of its levels.

You collected 149 gold pieces.

Inventory:

Missiles
 n - 3 atropa-tipped darts
 s - a throwing net (quivered)
Armour
 a - a +0 scale mail (worn)
 b - a +0 kite shield (worn)
 l - a +2 buckler of fire resistance
 w - a +1 hat (worn)
Jewellery
 m - a ring of protection from cold (left hand)
 o - a +6 ring of intelligence
 u - a ring of willpower (right hand)
Scrolls
 d - 2 scrolls of magic mapping {unknown}
 f - a scroll of blinking {unknown}
 g - 2 scrolls of fog {unknown}
 h - 6 scrolls of identify {unknown}
 i - a scroll of enchant weapon {unknown}
 j - 2 scrolls of enchant armour {unknown}
 q - 3 scrolls of remove curse {unknown}
 r - 3 scrolls of teleportation {unknown}
 x - a scroll of immolation {unknown}
Potions
 c - 2 potions of might
 e - a potion of lignification {unknown}
 k - a potion of cancellation {unknown}
 p - a potion of magic {unknown}
 t - 2 potions of flight {unknown}
 v - a potion of curing {unknown}


   Skills:
 + Level 4.8 Fighting
 - Level 2.6 Armour
 - Level 2.6 Shields
 * Level 5.2 Unarmed Combat


You had 5 spell levels left.
You didn't know any spells.
Your spell library was empty.

Dungeon Overview and Level Annotations

Branches:
Dungeon (4/15)
 Temple: D:4-7

Altars:
Fedhas
Zin
The Shining One

Annotations:
D:2 exclusion: downstairs
D:3 exclusion: downstairs
D:4 Ijyb


Innate Abilities, Weirdness & Mutations

You are partially covered in icy blue scales. (AC +2)


Message History

Ijyb hits you but does no damage.
Your shield prevents you from hitting Ijyb.
Ijyb is moderately wounded.
You block Ijyb's attack.
You hit Ijyb but do no damage.
Ijyb is moderately wounded.
Ijyb zaps a wand.
The bolt of acid hits you!
You are splashed with acid!
* * * LOW HITPOINT WARNING * * *
You hit Ijyb.
Ijyb is moderately wounded.
Ijyb barely misses you.
Throw: 2 throwing nets
Press: ? - help, Q - select action, (/) - cycle Shift-Dir - straight line, f - Ijyb
Aim: Ijyb, wearing a +0 leather armour and carrying a wand of acid (8) (moderately wounded, 51% to hit)
You throw a throwing net. The throwing net hits Ijyb.
Ijyb is caught in the net!
Ijyb is moderately wounded.
Ijyb zaps a wand.
The bolt of acid hits you!!
Ouch! That really hurt!
You die...

#..##......#.#.
#..##.#....#.#.#
...##.#....#.#.#
##.##......#)#.#
#...........#.#
...#........#.#
## #........#.#
#.......)#.######
###.....#g@<....#
##............#
##.#.....#####
#.#.##.##
#$.#.##.#
#.#.#.##.#
..##.#.#... ...
#.#.#### ....
#.#.#


You could see Ijyb (caught).

Vanquished Creatures
  A phantom (D:3)
  An ice beast (D:4)
  Natasha (twice) (D:2)
  A worker ant (D:3)
  3 gnolls
  2 adders
  An ooze (D:4)
  2 worms (D:3)
  2 dart slugs (D:2)
  7 orcs
  A ball python (D:4)
  3 giant cockroaches (D:3)
  4 goblins
  5 hobgoblins
  2 jackals (D:3)
  5 kobolds
  A quokka (D:4)
  5 bats
  A frilled lizard (D:1)
  2 rats
51 creatures vanquished.

Notes
Turn   | Place    | Note
-------+----------+-------------------------------------------
     0 | D:1      | nightchill the Demonspawn Fighter began the quest for the
                  | Orb.
     0 | D:1      | Reached XP level 1. HP: 18/18 MP: 1/1
   175 | D:1      | Reached skill level 2 in Unarmed Combat
   622 | D:1      | Gained mutation: You are partially covered in icy blue
                  | scales. (AC +2) [demonic ancestry]
   622 | D:1      | Reached XP level 2. HP: 24/24 MP: 2/2
  1464 | D:2      | Found a blossoming altar of Fedhas.
  1471 | D:2      | You fall into a shaft and drop 1 floor!
  1481 | D:3      | Reached XP level 3. HP: 18/29 MP: 3/3
  1643 | D:3      | Found a glowing golden altar of the Shining One.
  1712 | D:3      | Reached skill level 3 in Unarmed Combat
  1927 | D:2      | Noticed Natasha
  1953 | D:2      | Killed Natasha
  1954 | D:2      | Reached XP level 4. HP: 22/37 MP: 4/4
  2336 | D:2      | Noticed Natasha
  2354 | D:2      | Killed Natasha
  2720 | D:3      | Found a glowing silver altar of Zin.
  2767 | D:3      | Noticed a phantom
  2860 | D:3      | Killed a phantom
  2861 | D:3      | Reached skill level 4 in Unarmed Combat
  2861 | D:3      | Reached XP level 5. HP: 9/43 MP: 5/5
  3923 | D:3      | Reached XP level 6. HP: 32/49 MP: 6/6
  4056 | D:4      | Noticed an ice beast
  4088 | D:4      | Killed an ice beast
  4089 | D:4      | Reached skill level 5 in Unarmed Combat
  4292 | D:4      | Noticed Ijyb
  4311 | D:4      | Killed from afar by Ijyb

Illustrated notes

Levels and vault maps discovered:
D:1:      dpeg_arrival_refuge, layout_basic
D:2:      layout_loops_ring, nicolae_overflow_crystal_walls, chequers_avenue,
          uniq_natasha
D:3:      layout_loops_ring, zin_academy, nicolae_tso_swordbearing_angel
D:4:      layout_loops_ring, overflow_temple_1_default, serial_co_window_serial,
          co_window_of_opportunity_a, co_window_corner_a, co_window_corner_a,
          co_window_of_opportunity_a, co_window_paths_a, co_window_corner_a,
          co_window_paths_b, co_window_paths_c, co_window_2corner,
          co_window_corner_cb, co_window_broadway_b, co_window_corner_cb,
          co_window_unsneaky_path_c, co_window_paths_c, co_window_4corner_b,
          uniq_ijyb

Skill      XL: |  1  2  3  4  5  6 |
---------------+-------------------+-----
Unarmed Combat | 2 3 4 5 |  5.2
Fighting       | 4 |  4.8
Armour         | |  2.6
Shields        | |  2.6

Action                   |  1- 3 |  4- 6 || total
-------------------------+-------+-------++-------
Melee: Unarmed           |   163 |   200 ||   363
Throw: Throwing net      |       |     3 ||     3
       Dart              |       |     1 ||     1
  Use: Potion            |       |     1 ||     1
Armor: Scale mail        |    77 |    85 ||   162
Dodge: Dodged            |    45 |    37 ||    82
Block: Kite shield       |    66 |    70 ||   136
